 Dungeon Crawl Stone Soup version 0.30.1-4-g462c640d31 (webtiles) character file.

Game seed: 602031942282355589

1096 wingedge the Firebug (level 7, 0/57 HPs)
             Began as a Demigod Wanderer on Aug 26, 2023.
             Succumbed to a kobold's poison
             ... on level 5 of the Dungeon on Aug 27, 2023.
             The game lasted 00:26:17 (6435 turns).

wingedge the Firebug (Demigod Wanderer)             Turns: 6435, Time: 00:26:18

Health: 0/57       AC:  5    Str: 12    XL:     7   Next: 84%
Magic:  3/15       EV: 12    Int: 23    God:
Gold:   236        SH:  0    Dex: 13    Spells: 6/13 levels left

rFire   . . .        b - +3 arbalest (flame)
rCold   . . .        (shield currently unavailable)
rNeg    . . .        y - +0 robe
rPois   .            (no helmet)
rElec   .            (no cloak)
rCorr   .            w - +2 pair of gloves
SInv    .            (no boots)
Will    .....        (no amulet)
Stlth   +            (no ring)
HPRegen 0.29/turn    (no ring)
MPRegen 0.14/turn

%: no passive effects
@: mighty, lethally poisoned (0 -> -7), hasted, very quick
A: high MP 1, forlorn, divine attributes
a: no special abilities


You were on level 5 of the Dungeon.
You visited 1 branch of the dungeon, and saw 6 of its levels.
You also visited: Sewer.

You collected 236 gold pieces.

Inventory:

Hand Weapons
 a - a +2 mace of protection
 b - a +3 arbalest of flaming (weapon)
 c - a +0 sling
 e - a +0 dagger
Missiles
 j - 4 silver boomerangs
Armour
 w - a +2 pair of gloves (worn)
 x - a +1 ring mail of poison resistance
 y - a +0 robe (worn)
Wands
 u - a wand of roots (10)
Scrolls
 l - 2 scrolls of blinking
 m - a scroll of poison
 p - a scroll of amnesia
 q - 2 scrolls of enchant armour
 r - a scroll of summoning
 v - a scroll of immolation {unknown}
 z - 2 scrolls of torment {unknown}
 A - a scroll of vulnerability {unknown}
 C - a scroll of magic mapping {unknown}
Potions
 d - 2 potions of brilliance
 f - a potion of flight
 g - a potion of magic {unknown}
 i - a potion of cancellation
 k - a potion of attraction {unknown}
 n - a potion of might
 o - a potion of degeneration {unknown}
 t - a potion of haste
 B - a potion of heal wounds {unknown}


   Skills:
 - Level 3.0 Fighting
 + Level 0.3 Ranged Weapons
 - Level 2.0 Armour
 - Level 2.0 Dodging
 + Level 3.7 Spellcasting
 - Level 3.0 Conjurations
 + Level 0.9 Translocations
 + Level 3.6 Transmutations
 + Level 3.8 Fire Magic
 + Level 3.8 Poison Magic
 - Level 1.0 Evocations


You had 6 spell levels left.
You knew the following spells:

 Your Spells              Type           Power      Damage    Failure   Level
a - Foxfire               Conj/Fire      80%        2x1d8     2%          1
b - Sting                 Tmut/Pois      84%        1d7       2%          1
c - Ignite Poison         Fire/Tmut/Pois 21%        N/A       7%          3
d - Blink                 Tloc           16%        N/A       11%         2

Your spell library contained the following spells:

 Spells                   Type           Power      Damage    Failure   Level
 Passwall                 Tmut/Erth      10%        N/A       8%          2
 Sandblast                Erth           8%         2d5       11%         1
 Summon Small Mammal      Summ           16%        N/A       11%         1
 Volatile Blastmotes      Fire/Tloc      30%        2d12      12%         3
 Inner Flame              Hex/Fire       13%        N/A       14%         3
 Ensorcelled Hibernation  Hex/Ice        8%         N/A       16%         2
 Call Canine Familiar     Summ           4%         N/A       32%         3
 Summon Guardian Golem    Hex/Summ       4%         N/A       32%         3
 Swiftness                Air            4%         N/A       32%         3
 Manifold Assault         Tloc           8%         N/A       58%         4
 Animate Armour           Summ/Erth      8%         N/A       71%         4
 Yara's Violent Unravell  Hex/Tmut       6%         3d5       80%         5
 Starburst                Conj/Fire      10%        6d5       99%         6
 Enfeeble                 Hex            2%         N/A       100%        7
 Storm Form               Tmut/Air       6%         N/A       100%        7
 Fire Storm               Conj/Fire      10%        8d3       100%        9


Dungeon Overview and Level Annotations

Branches:
Dungeon (6/15)             Temple (0/1) D:4           Sewer (visited)

Shops:
D:6 *

Annotations:
D:3 1 runed translucent door, Crazy Yiuf


Innate Abilities, Weirdness & Mutations

You have an increased reservoir of magic. (+10% MP)
You shall have no god before yourself.
Your divine heritage dramatically boosts your attributes as you level up.


Message History

Okay, then.
Okay, then.
As you read the scroll of fear, it crumbles to dust.
You assume a fearsome visage.
The kobold brigand looks frightened!
The kobold looks frightened!
You feel very sick.
Press: ? - help, v - describe, . - travel, g - get item Item here: a book of Scorching.
The floor.
Unknown command.
It was a potion of cancellation.
You feel magically purged.
You feel very sick.
A kobold comes into view.
It is wielding a +0 dagger and quivering poisoned darts.
You feel very sick.
The kobold shouts!
A kobold comes into view. It is wielding a +0 whip.
You feel very sick.
The kobold throws a poisoned dart.
The poisoned dart barely misses you.
You feel very sick.
You feel sick.
You feel sick.
The kobold throws a poisoned dart.
The poisoned dart hits you!
You are more poisoned.
You feel very sick.
The kobold throws a poisoned dart.
The poisoned dart hits you!
You are lethally poisoned!
Okay, then.
As you read the scroll of fear, it crumbles to dust.
You assume a fearsome visage.
The kobold looks frightened! x2
* * * LOW HITPOINT WARNING * * *
You feel very sick.
* * * LOW HITPOINT WARNING * * *
You feel very sick.
* * * LOW HITPOINT WARNING * * *
You feel very sick.
It was a potion of might.
You feel very mighty all of a sudden.
* * * LOW HITPOINT WARNING * * *
You feel very sick.
It was a potion of haste.
You feel yourself speed up.
You die...

## ... ##.#. ##.....
####################?......
................@.........#
....#### ##########..#..#.
###.# #...#
#.###############..## .
#..............##..K# ...
##############.##.K#K.#:#
......K....).....#
.######K#####).### #. #.#
..#


There were no monsters in sight!

Vanquished Creatures
  A yak (D:4)
  An ice beast (D:6)
  A sky beast (D:6)
  An ogre (D:5)
  2 bullfrogs (Sewer)
  2 jellies (D:4)
  3 hounds
  A sleepcap (D:4)
  3 iguanas
  2 orc wizards (D:4)
  12 adders
  A shadow imp (D:6)
  A white imp (D:6)
  3 worms
  5 dart slugs
  8 orcs
  10 ball pythons
  12 bats
  8 endoplasms
  14 giant cockroaches
  3 goblins
  9 hobgoblins
  12 kobolds
  5 quokkas
  11 frilled lizards
  3 rats
134 creatures vanquished.

Vanquished Creatures (others)
  277 foxfires
277 creatures vanquished.

Grand Total: 411 creatures vanquished

Notes
Turn   | Place    | Note
-------+----------+-------------------------------------------
     0 | D:1      | wingedge the Demigod Wanderer began the quest for the Orb.
     0 | D:1      | wingedge set off with the following items: a +0 dagger, a
                  | scroll of fear, a +0 robe, a +0 pair of gloves; and the
                  | following spells available to memorise: Foxfire, Sting,
                  | Inner Flame, Volatile Blastmotes, Ignite Poison.
     0 | D:1      | Reached XP level 1. HP: 14/14 MP: 6/6
     2 | D:1      | Learned a level 1 spell: Foxfire
     4 | D:1      | Learned a level 1 spell: Sting
   124 | D:1      | Reached skill level 1 in Conjurations
   473 | D:1      | Reached XP level 2. HP: 20/20 MP: 2/8
  1087 | D:1      | Reached XP level 3. HP: 26/26 MP: 6/9
  1432 | D:2      | Got the Lectures on Volcanic Combustion
  1437 | D:2      | Learned a level 3 spell: Ignite Poison
  2567 | D:3      | Reached XP level 4. HP: 34/34 MP: 8/11
  2849 | D:3      | Reached skill level 1 in Transmutations
  2979 | D:3      | Found a runed translucent door.
  2980 | D:3      | Noticed Crazy Yiuf
  3052 | D:3      | Reached skill level 1 in Fighting
  3792 | D:4      | Reached XP level 5. HP: 29/40 MP: 2/12
  4055 | D:4      | Found a glowing drain.
  4070 | Sewer    | Entered a sewer
  4461 | Sewer    | Reached XP level 6. HP: 42/48 MP: 4/13
  4908 | D:4      | You fall into a shaft and drop 2 floors!
  4917 | D:6      | Found Waesseg's Gadget Gallery.
  5074 | D:6      | Reached skill level 1 in Armour
  5074 | D:6      | Reached XP level 7. HP: 57/57 MP: 13/15
  5141 | D:5      | Entered Level 5 of the Dungeon
  5328 | D:5      | Learned a level 2 spell: Blink
  5353 | D:4      | Found a staircase to the Ecumenical Temple.
  6104 | D:5      | Noticed a yak
  6104 | D:5      | Noticed a yak
  6104 | D:5      | Noticed a yak
  6105 | D:5      | Noticed a yak
  6199 | D:4      | Killed a yak
  6434 | D:5      | HP: 1/57 [poisoned by a kobold]
  6435 | D:5      | Succumbed to a kobold's poison

Illustrated notes

Levels and vault maps discovered:
D:1:      co_arrival_square_in_a_square_in_a_square, layout_basic,
          shapermc_ecumenical_altar_venn, serial_bayou_pond_c
D:2:      layout_basic, basic_altar, hangedman_decor_opposing
D:3:      layout_loops_ring, nicolae_underground_beach, uniq_crazy_yiuf_cottage
D:4:      layout_basic, minmay_temple_entry_large_hall, portal_sewer_entry_d
D:5:      layout_loops_ring, grunt_dithmenos_smoke_and_mirrors,
          mainiacjoe_overflow_swirl
D:6:      layout_rooms, nicolae_ru_path_of_blood, nicolae_shop_gadgets,
          uniq_prince_ribbit1

Skill      XL: |  1  2  3  4  5  6  7 |
---------------+----------------------+-----
Conjurations   | 1 2 3 |  3.0
Fire Magic     | 3 |  3.8
Dodging        | 2 |  2.0
Transmutations | 1 2 3 |  3.6
Fighting       | 1 2 3 |  3.0
Spellcasting   | 3 |  3.7
Poison Magic   | 2 3 |  3.8
Armour         | 1 2 |  2.0
Ranged Weapons | |  0.3
Translocations | |  0.9
Evocations     | |  1.0

Action                     |  1- 3 |  4- 6 |  7- 9 || total
---------------------------+-------+-------+-------++-------
  Melee: Dagger            |    26 |    10 |       ||    36
         Mace              |       |    30 |       ||    30
         Punch             |       |     1 |       ||     1
   Fire: Sling             |     2 |     6 |       ||     8
         Arbalest          |       |     7 |     8 ||    15
   Cast: Foxfire           |    82 |    72 |    18 ||   172
         Sting             |    10 |    46 |    19 ||    75
         Ignite Poison     |       |     5 |     7 ||    12
         Blink             |       |       |     1 ||     1
  Evoke: Wand              |       |     1 |       ||     1
    Use: Scroll            |       |     4 |     6 ||    10
         Potion            |       |     1 |     3 ||     4
   Stab: Sleeping          |     1 |       |       ||     1
 Armour: Robe              |     7 |    28 |     5 ||    40
  Dodge: Dodged            |    35 |    55 |     6 ||    96
